Map: Odyssey LE

Players

SamuraiFunn

  • Race: Protoss Protoss
  • Spawn Location: 5:00

A.I. 1 (Elite) - Winner!

  • Race: Zerg Zerg
  • Spawn Location: 11:00

VOD

Have the link to the VOD?

Description

Time

  • Played on: Nov. 24, 2017, 6:32 p.m.
  • Length: 18:01
Show
View Real Time Build Order
Export as new Build Order

SamuraiFunn Protoss 

Build Orders:  

Get SALT Encoding   

  12  0:01  Probe  
  13  0:13  Probe  
  14  0:23  Pylon  
  14  0:26  Probe  
  15  0:40  Assimilator  
  15  0:41  Probe  
  16  0:48  Gateway  
  16  0:53  Probe  
  17  1:06  Probe  
  17  1:10  Assimilator  
  18  1:18  Probe  
  19  1:24  Gateway  
  19  1:40  Pylon, Zealot  
  19  1:47  Cybernetics Core  
  21  1:51  Probe  
  22  2:03  Probe  
  23  2:15  Nexus  
  23  2:16  Probe  
  24  2:28  Probe  
  27  2:31  Stalker  
  27  2:45  Twilight Council  
  27  2:49  Stalker  
  29  2:51  Warp Gate (Chrono Boost)  
  29  2:54  Probe  
  30  3:07  Probe  
  31  3:13  Pylon  
  31  3:27  Probe, Stalker  
  31  3:30  Pylon  
  31  3:32  Probe  
  35  3:41  Stalker  
  37  3:50  Probe x2  
  39  3:59  Gateway  
  39  4:00  Gateway  
  39  4:03  Blink  
  39  4:13  Probe x2  
  41  4:38  Probe x2  
  43  4:48  Templar Archives  
  43  4:49  Forge  
  43  4:50  Probe  
  44  4:54  Stalker x2  
  48  5:10  Probe x2  
  50  5:20  Stalker  
  50  5:21  Stalker x3  
  56  5:25  Pylon  
  56  5:28  Probe x2  
  60  5:32  Nexus  
  60  5:38  Pylon  
  60  5:49  Protoss Ground Weapons Level 1  
  60  5:54  Probe x2  
  60  5:57  Gateway, Assimilator  
  62  5:58  Gateway  
  62  5:59  Assimilator  
  62  6:06  Probe x2  
  64  6:15  Stalker  
  64  6:16  Stalker x2  
  70  6:23  Probe x2  
  72  6:37  Probe x2  
  74  6:46  Probe  
  75  6:53  Psionic Storm  
  75  7:00  Sentry  
  77  7:04  Zealot  
  77  7:05  Zealot x2  
  77  7:08  Charge (Chrono Boost)  
  83  7:25  Zealot x5  
  93  7:32  Pylon  
  93  7:38  Pylon  
  93  7:41  Pylon  
  93  7:44  Protoss Ground Armor Level 1  
  93  7:50  Probe x3  
  96  8:02  Stalker x4  
  104  8:06  Sentry x2  
  104  8:09  Nexus  
  104  8:11  Pylon  
  108  8:12  Pylon  
  108  8:14  Pylon  
  108  8:18  Assimilator  
  108  8:20  Probe x3  
  108  8:21  Assimilator  
  111  8:27  Assimilator  
  111  8:31  Assimilator  
  111  8:32  Probe x2  
  111  8:33  Probe  
  114  8:37  Sentry x2  
  114  8:38  Sentry x3  
  101  9:27  Stalker  
  101  9:28  Stalker x5  
  113  9:36  Gateway x2  
  113  9:39  Gateway  
  75  10:31  Stalker  
  75  10:32  Stalker x5  
  75  10:35  Sentry x3  
  93  10:45  Protoss Ground Armor Level 2  
  93  10:49  Forge  
  93  11:07  Stalker x5  
  93  11:08  Stalker x3  
  93  11:10  Sentry  
  111  11:18  Pylon  
  111  11:37  Stalker x3  
  111  11:38  Stalker x4  
  125  11:40  Sentry  
  125  11:41  Sentry  
  77  12:32  Stalker x6  
  77  12:33  Stalker x3  
  93  12:57  Sentry x6  
  105  13:02  Stalker x3  
  111  13:06  Protoss Ground Weapons Level 2 (Chrono Boost), Protoss Ground Armor Level 3 (Chrono Boost)  
  111  13:30  Nexus  
  111  13:31  Stalker  
  111  13:32  Stalker  
  111  13:33  Pylon  
  115  13:35  Pylon, Stalker  
  115  13:36  Stalker x3  
  115  13:37  Pylon, Stalker  
  115  13:38  Stalker x2  
  115  13:40  Assimilator  
  129  13:47  Assimilator  
  129  13:51  Dark Shrine  
  129  13:57  Zealot x2  
  129  14:00  Zealot x4  
  129  14:01  Zealot  
  129  14:02  Zealot x2  
  77  14:47  Stalker  
  77  14:48  Stalker x5  
  77  14:49  Stalker x2  
  69  15:08  Dark Templar  
  55  15:23  Dark Templar x4  
  55  15:24  Dark Templar x3  
  55  15:25  Dark Templar  
  71  15:46  Dark Templar  
  73  15:57  Dark Templar  
  73  15:58  Dark Templar x5  
  85  16:14  Gateway  
  85  16:15  Gateway  
  85  16:17  Gateway x2  
  85  16:21  Gateway  
  63  16:52  Zealot x4  
  63  16:53  Zealot x3  
  77  16:54  Zealot x2  
  73  17:25  Stalker x7  
  73  17:26  Stalker x4  
  73  17:27  Stalker x2  
Show
View Real Time Build Order
Export as new Build Order

A.I. 1 (Elite) Zerg - Winner!

Build Orders: Pool First 

Get SALT Encoding   

  12  0:00  Drone  
  13  0:12  Overlord  
  13  0:16  Drone  
  14  0:30  Drone x2  
  16  0:42  Spawning Pool  
  15  0:45  Drone  
  15  0:49  Drone  
  17  1:13  Hatchery  
  17  1:14  Drone  
  17  1:17  Extractor  
  16  1:20  Drone  
  16  1:24  Drone  
  18  1:28  Drone  
  19  1:38  Overlord  
  19  1:49  Drone  
  19  1:51  Queen  
  22  1:59  Zergling x2  
  23  2:09  Extractor  
  23  2:12  Drone  
  23  2:21  Drone  
  24  2:25  Drone  
  24  2:27  Queen  
  27  2:32  Drone  
  27  2:36  Drone  
  29  2:44  Roach Warren  
  29  2:48  Drone  
  29  2:52  Drone  
  29  2:54  Zergling x2  
  29  2:58  Zergling x2  
  32  3:03  Overlord  
  32  3:07  Drone  
  32  3:09  Drone  
  34  3:25  Roach x3  
  34  3:26  Roach  
  42  3:33  Lair  
  42  3:37  Overlord  
  42  3:42  Overlord  
  42  3:46  Zergling x2  
  43  3:49  Zergling x2  
  44  3:55  Zergling x2, Drone  
  44  3:56  Drone  
  44  3:58  Drone  
  44  4:01  Drone  
  49  4:03  Drone  
  49  4:07  Roach  
  52  4:11  Roach  
  52  4:15  Overlord  
  54  4:23  Drone  
  55  4:24  Drone  
  55  4:27  Drone  
  55  4:29  Drone  
  58  4:33  Infestation Pit, Overlord  
  58  4:35  Drone  
  58  4:39  Overlord  
  58  4:42  Roach  
  58  4:45  Roach  
  62  5:03  Hydralisk Den  
  62  5:05  Drone  
  62  5:06  Drone  
  63  5:08  Drone  
  63  5:10  Drone, Infestor x3  
  63  5:13  Drone, Extractor  
  71  5:15  Drone  
  71  5:16  Drone  
  71  5:20  Overlord  
  73  5:22  Drone  
  73  5:24  Drone  
  73  5:26  Drone  
  76  5:30  Drone  
  76  5:33  Drone  
  78  5:37  Hydralisk, Drone, Roach  
  78  5:41  Hydralisk, Overlord  
  85  5:43  Hydralisk  
  85  5:45  Drone  
  85  5:47  Drone  
  89  5:51  Metabolic Boost  
  89  5:53  Drone  
  90  5:58  Extractor  
  90  5:59  Drone  
  90  6:03  Overlord  
  90  6:06  Evolution Chamber  
  89  6:11  Evolution Chamber  
  89  6:14  Drone, Evolution Chamber  
  89  6:16  Hatchery  
  89  6:17  Drone  
  88  6:20  Drone  
  88  6:21  Drone  
  88  6:22  Drone  
  91  6:32  Zerg Missile Weapons Level 1  
  91  6:37  Zerg Ground Armor Level 1  
  91  6:40  Zerg Melee Weapons Level 1  
  91  6:46  Zergling x4  
  92  6:53  Spire  
  91  6:54  Drone  
  92  7:08  Spine Crawler, Ravager  
  92  7:09  Drone  
  92  7:14  Roach, Overlord  
  95  7:16  Drone, Spine Crawler  
  95  7:21  Ravager  
  96  7:24  Roach  
  96  7:25  Overseer  
  96  7:28  Queen, Drone  
  96  7:29  Drone x4  
  105  7:30  Drone x4  
  105  7:31  Drone x2  
  105  7:32  Drone  
  105  7:34  Overlord  
  112  7:38  Drone  
  112  7:39  Pathogen Glands  
  112  7:40  Drone, Extractor  
  112  7:44  Drone x3  
  114  7:45  Drone  
  114  7:47  Drone  
  114  7:48  Drone  
  119  7:53  Overlord  
  119  8:03  Drone x3  
  122  8:07  Mutalisk x3  
  122  8:08  Spore Crawler  
  122  8:10  Drone  
  128  8:13  Overlord  
  128  8:15  Extractor, Mutalisk  
  128  8:16  Drone, Mutalisk  
  132  8:22  Mutalisk  
  134  8:27  Zergling x2, Spore Crawler  
  134  8:28  Zergling x4, Drone  
  134  8:31  Overlord, Mutalisk  
  139  8:38  Drone  
  139  8:41  Zerg Melee Weapons Level 2  
  140  8:50  Zerg Missile Weapons Level 2, Overlord  
  140  8:53  Zergling x2  
  140  8:54  Zergling x2  
  140  8:55  Zergling x2  
  140  8:56  Hydralisk, Zergling x2  
  140  8:57  Hydralisk, Zergling x4  
  140  8:58  Roach  
  131  9:04  Roach  
  131  9:05  Hydralisk  
  131  9:06  Hydralisk  
  131  9:07  Zergling x2, Roach  
  131  9:09  Roach  
  132  9:17  Roach  
  128  9:22  Infestor  
  128  9:24  Overseer  
  128  9:31  Infestor  
  128  9:33  Roach  
  128  9:35  Roach  
  128  9:37  Hydralisk  
  128  9:38  Spine Crawler, Overlord  
  136  9:40  Hydralisk, Zergling x2, Spine Crawler  
  136  9:41  Zergling x2  
  136  9:42  Zergling x2  
  136  9:43  Zergling x2  
  136  9:44  Hydralisk, Zergling x2  
  138  9:47  Hydralisk  
  138  9:48  Zergling x2  
  138  9:51  Hatchery  
  138  9:52  Ravager  
  140  9:54  Roach  
  140  9:58  Overlord, Ravager  
  145  10:00  Roach  
  145  10:01  Zergling x2  
  145  10:03  Zergling x2  
  145  10:04  Zergling x2  
  145  10:06  Zergling x2  
  145  10:08  Zergling x2  
  145  10:09  Zergling x2, Mutalisk  
  145  10:10  Zergling x4  
  145  10:11  Mutalisk  
  145  10:19  Spore Crawler  
  144  10:22  Spore Crawler  
  144  10:24  Spine Crawler  
  144  10:26  Zerg Ground Armor Level 2  
  142  10:31  Queen  
  144  10:38  Spine Crawler  
  144  10:41  Spore Crawler  
  142  10:44  Spine Crawler  
  142  10:46  Spore Crawler  
  140  10:57  Mutalisk  
  143  11:04  Drone x2  
  143  11:05  Drone x4  
  143  11:06  Drone x2  
  143  11:07  Drone x3  
  143  11:10  Extractor  
  143  11:11  Drone, Hive  
  153  11:14  Extractor  
  153  11:15  Drone, Hatchery  
  153  11:16  Drone  
  153  11:31  Spine Crawler  
  153  11:32  Drone  
  153  11:58  Overlord  
  153  12:00  Hydralisk, Zergling x2  
  155  12:01  Zergling x2  
  155  12:02  Zergling x4  
  155  12:03  Zergling x4  
  155  12:04  Zergling x6  
  155  12:08  Zergling x2  
  153  12:09  Mutalisk  
  153  12:10  Roach x2  
  153  12:12  Corruptor  
  153  12:13  Corruptor  
  147  12:16  Spine Crawler  
  147  12:17  Drone  
  147  12:19  Spore Crawler  
  147  12:20  Drone  
  147  12:22  Drone, Spine Crawler  
  145  12:23  Zerg Missile Weapons Level 3, Zerg Melee Weapons Level 3  
  145  12:25  Greater Spire, Drone, Ultralisk Cavern  
  145  12:28  Queen  
  145  12:29  Drone, Spore Crawler  
  139  12:32  Roach x2  
  139  12:34  Zergling x2, Infestor  
  139  12:36  Extractor  
  138  12:39  Drone  
  139  12:47  Extractor  
  139  12:48  Drone  
  139  13:10  Zerg Ground Armor Level 3  
  151  13:12  Ultralisk  
  151  13:13  Ultralisk x3  
  151  13:15  Drone, Spine Crawler  
  151  13:18  Overseer  
  163  13:22  Spine Crawler  
  163  13:23  Drone  
  163  13:27  Pneumatized Carapace  
  163  13:28  Spine Crawler  
  163  13:30  Drone  
  163  13:31  Overseer  
  163  13:38  Corruptor  
  163  13:39  Corruptor, Overlord, Brood Lord x2  
  171  13:58  Drone, Hatchery  
  171  13:59  Infestor, Overlord  
  171  14:02  Drone, Spore Crawler  
  173  14:04  Infestor  
  173  14:06  Spore Crawler  
  173  14:07  Drone  
  173  14:08  Spore Crawler  
  173  14:09  Drone  
  175  14:13  Hydralisk  
  175  14:14  Ultralisk x2  
  175  14:15  Roach  
  175  14:16  Roach, Ultralisk  
  193  14:18  Roach  
  193  14:20  Roach  
  193  14:23  Zergling x2  
  183  14:25  Zergling x2  
  177  14:34  Infestor  
  165  14:39  Spine Crawler  
  165  14:40  Drone  
  165  14:41  Spine Crawler  
  165  14:42  Drone  
  165  14:43  Infestor  
  161  14:46  Viper x2  
  161  14:49  Zergling x2  
  161  14:50  Zergling x2, Roach  
  157  14:52  Roach  
  151  15:00  Hydralisk, Infestor  
  151  15:03  Neural Parasite  
  151  15:04  Burrow  
  154  15:08  Infestor  
  154  15:10  Queen  
  154  15:13  Infestor, Roach  
  160  15:16  Roach  
  160  15:17  Roach  
  160  15:19  Hatchery  
  160  15:21  Drone  
  164  15:23  Brood Lord  
  164  15:25  Corruptor, Spore Crawler  
  164  15:27  Drone  
  168  15:31  Brood Lord  
  168  15:34  Corruptor  
  172  15:44  Roach x2  
  172  15:49  Spore Crawler  
  175  15:50  Drone, Glial Reconstitution  
  175  15:53  Spine Crawler  
  175  15:55  Drone  
  176  15:57  Hydralisk  
  176  16:00  Hydralisk  
  176  16:02  Hydralisk  
  182  16:05  Roach  
  182  16:06  Brood Lord  
  182  16:07  Corruptor  
  188  16:12  Hydralisk  
  188  16:15  Brood Lord  
  188  16:16  Corruptor  
  193  16:21  Hydralisk  
  193  16:23  Hydralisk  
  197  16:30  Baneling Nest  
  197  16:31  Drone  
  197  16:34  Spore Crawler  
  197  16:35  Drone  
  197  16:40  Corruptor, Brood Lord  
  199  16:49  Zergling x2  
  199  17:06  Drone, Spore Crawler, Hatchery  
  199  17:07  Drone  
  199  17:09  Drone, Spine Crawler  
  199  17:11  Spore Crawler  
  199  17:12  Drone  
  199  17:21  Spine Crawler  
  199  17:22  Drone  
  199  17:24  Spine Crawler  
  199  17:25  Drone  
  199  17:27  Drone, Spine Crawler  
  199  17:49  Spine Crawler  
  199  17:53  Spore Crawler  
  199  17:56  Spine Crawler  
  199  17:58  Spore Crawler  
  198  18:00  Spine Crawler  
Tags
 
Matchup
PvZ
Opening
Pool First
Replay Pack
First 100 games
Spawn Locations
Cross Positions
Add a new tag
Caveats
  • Supply blocks, unpowered buildings, or Contaminate may cause inaccurate times.
  • Supply counts are checked every 10 seconds.